 Dungeon Crawl Stone Soup version 0.31-a0-431-g88bdf31460 (webtiles) character file.

Game seed: 6909105055146892368

280 randomguy2701 the Chopper (level 6, 0/53 HPs)
             Began as a Minotaur Fighter on July 31, 2023.
             Slain by a kobold brigand
             ... wielding a +0 club
              (7 damage)
             ... on level 3 of the Dungeon.
             The game lasted 00:01:33 (2100 turns).

randomguy2701 the Chopper (Minotaur Fighter)        Turns: 2100, Time: 00:01:34

Health: 0/53       AC:  8    Str: 21    XL:     6   Next: 5%
Magic:  5/5        EV:  9    Int:  5    God:
Gold:   157        SH:  5    Dex: 11    Spells: 5/5 levels left

rFire   . . .        a - +0 war axe
rCold   . . .        c - +0 buckler
rNeg    . . .        b - +0 scale mail
rPois   .            (helmet restricted)
rElec   .            (no cloak)
rCorr   .            k - +0 pair of gloves
SInv    .            (no boots)
Will    .....        (no amulet) Stlth
                     (no ring)
HPRegen 0.28/turn    (no ring)
MPRegen 0.09/turn

%: no passive effects
@: slowed, very slow
A: horns 2, retaliatory headbutt
a: no special abilities


You were on level 3 of the Dungeon.
You visited 1 branch of the dungeon, and saw 3 of its levels.

You collected 157 gold pieces.

Inventory:

Hand Weapons
 a - a +0 war axe (weapon)
Armour
 b - a +0 scale mail (worn)
 c - a +0 buckler (worn)
 k - a +0 pair of gloves (worn)
Jewellery
 e - an amulet of faith
 h - an amulet of magic regeneration
Scrolls
 f - a scroll of silence {unknown}
 j - 3 scrolls of poison {unknown}
 n - a scroll of fog {unknown}
 p - a scroll of teleportation {unknown}
 q - a scroll of identify {unknown}
Potions
 d - 2 potions of might
 g - a potion of heal wounds {unknown}
 i - 2 potions of degeneration {unknown}
 l - a potion of resistance {unknown}
 m - 2 potions of curing {unknown}
 o - a potion of ambrosia {unknown}


   Skills:
 + Level 4.6 Fighting
 + Level 5.4 Axes
 + Level 4.9 Armour
 + Level 0.5 Dodging
 + Level 0.1 Stealth
 + Level 4.5 Shields


You had 5 spell levels left.
You didn't know any spells.
Your spell library was empty.

Dungeon Overview and Level Annotations

Branches:
Dungeon (3/15)

Altars:


Innate Abilities, Weirdness & Mutations

You have a pair of horns on your head.
You reflexively headbutt those who attack you in melee.


Message History

You slash the kobold brigand!
Your headbutt misses the kobold brigand.
The kobold brigand is moderately wounded.
You hit the kobold but do no damage.
You feel sick. You block the kobold's attack. The kobold brigand misses you.
You barely miss the kobold brigand.
The kobold brigand is moderately wounded.
You slash the kobold!
You kill the kobold!
You feel sick.
The kobold brigand hits you with a +0 club.
The kobold brigand throws a curare-tipped dart.
The curare-tipped dart hits you.
You are more poisoned.
You have difficulty breathing.
You feel yourself slow down.
You hit the kobold brigand but do no damage.
The kobold brigand is moderately wounded.
You feel extremely sick.
The kobold brigand hits you but does no damage.
The kobold brigand hits you with a +0 club.
You are too injured to fight recklessly!
You feel very sick.
You feel very sick.
The kobold brigand hits you but does no damage.
You feel sick.
The kobold brigand attacks as you move away!
The kobold brigand closely misses you.
You feel sick.
The kobold brigand hits you with a +0 club.
* * * LOW HITPOINT WARNING * * *
You feel sick.
The kobold brigand attacks as you move away!
You block the kobold brigand's attack.
You feel sick.
The kobold brigand hits you but does no damage.
You feel sick.
You are no longer poisoned.
The kobold brigand attacks as you move away!
The kobold brigand hits you with a +0 club.
* * * LOW HITPOINT WARNING * * *
The kobold brigand hits you with a +0 club!
You die...

################ ###############
..#)......#....# .....K#........
..')).....#....# .....K)........
..#########....#########........
.).......#......#..........#####
(........'......@K.K.......#
.).......#......#K.........#
..#########.(..#########.......
..'†......#).).# +.......
..#)......#....# #........
############''###################
≈≈≈≈~......≈≈≈≈≈≈≈≈≈≈≈≈≈≈≈≈≈
≈≈≈≈~~.....≈≈≈≈≈≈≈≈≈≈≈≈~≈~≈~
≈~~~~.....~~~~~≈~~~≈≈~~~~~~~


You could see 2 kobold brigands and a kobold.

Vanquished Creatures
  A kobold brigand (D:3)
  A scorpion (D:3)
  7 gnolls
  A worm (D:2)
  A dart slug (D:1)
  3 ball pythons
  2 bats
  5 endoplasms
  A giant cockroach (D:2)
  10 goblins
  13 hobgoblins
  28 kobolds
  2 quokkas (D:2)
  A frilled lizard (D:3)
76 creatures vanquished.

Notes
Turn   | Place    | Note
-------+----------+-------------------------------------------
     0 | D:1      | randomguy2701 the Minotaur Fighter began the quest for the
                  | Orb.
     0 | D:1      | Reached XP level 1. HP: 19/19 MP: 0/0
   382 | D:1      | Reached XP level 2. HP: 27/27 MP: 1/1
   942 | D:1      | Reached XP level 3. HP: 33/33 MP: 2/2
  1174 | D:2      | Reached skill level 3 in Axes
  1726 | D:3      | Reached XP level 4. HP: 40/40 MP: 3/3
  1818 | D:3      | Noticed a scorpion
  1823 | D:3      | Killed a scorpion
  1824 | D:3      | Reached skill level 4 in Axes
  1824 | D:3      | Reached XP level 5. HP: 46/46 MP: 4/4
  1925 | D:3      | Reached skill level 5 in Axes
  1989 | D:3      | Reached XP level 6. HP: 40/53 MP: 5/5
  2100 | D:3      | Slain by a kobold brigand

Illustrated notes

Levels and vault maps discovered:
D:1:      psy_arrival_radial01, layout_loops_corners
D:2:      cheibrodos_greedy_goblins, layout_rooms
D:3:      minmay_goblin_kobold_castle, layout_basic, lemuel_crystal_altar,
          mainiacjoe_overflow_catwalk_spiral

Skill      XL: |  1  2  3  4  5 |
---------------+----------------+-----
Armour         | 4 |  4.9
Shields        | 4 |  4.5
Fighting       | 4 |  4.6
Axes           | 3 4 5 |  5.4
Dodging        | |  0.5
Stealth        | |  0.1

Action                     |  1- 3 |  4- 6 || total
---------------------------+-------+-------++-------
  Melee: War axe           |    72 |    65 ||   137
         Headbutt          |    11 |     5 ||    16
 Armour: Scale mail        |    34 |    44 ||    78
  Dodge: Dodged            |    28 |    40 ||    68
  Block: Buckler           |    19 |    19 ||    38

Table legend: (Time is in decaauts)
 A = Elapsed time spent in this place.
 B = Non-inter-level travel time spent in this place.
 C = Inter-level travel time spent in this place.
 D = Time resting spent in this place.
 E = Time spent auto-exploring this place.
 F = Levels seen in this place.
 G = Mean time per level.
                   A        B        C        D        E       F      G
               +--------+--------+--------+--------+--------+-----+--------+
         Total |   2151 |   2088 |     63 |      0 |   1746 |   3 |  717.0 |
       Dungeon |   2151 |   2088 |     63 |      0 |   1746 |   3 |  717.0 |
               +--------+--------+--------+--------+--------+-----+--------+

Top non-repeatable levels by time:
     D:1: 1127 daAuts
     D:2: 527 daAuts
     D:3: 497 daAuts
